 Dungeon Crawl Stone Soup version 0.20.1-1-g8b1a95d (webtiles) character file.

511 KoningWillie the Skirmisher (level 7, -9/72 HPs)
             Began as an Ogre Berserker on Oct 12, 2017.
             Was a Priest of Trog.
             Mangled by Prince Ribbit (16 damage)
             ... on level 5 of the Dungeon.
             The game lasted 00:10:06 (4388 turns).

KoningWillie the Skirmisher (Ogre Berserker)        Turns: 4388, Time: 00:10:06

Health: -9/72      AC:  4    Str: 24    XL:     7   Next: 19%
Magic:  7/7        EV: 11    Int:  8    God:    Trog [***...]
Gold:   81         SH:  0    Dex:  8    Spells: 6/6 levels left

rFire    . . .     SeeInvis .   a - +1 mace {Jews}
rCold    . . .     Gourm    .   (no shield)
rNeg     + . .     Faith    .   t - +1 robe {rN+}
rPois    .         Spirit   .   (helmet restricted)
rElec    .         Reflect  .   (no cloak)
rCorr    .         Harm     +   (gloves unavailable)
MR       ++...                  (boots unavailable)
Stlth    ..........             q - amulet of harm
Regen    1.3/turn               j - ring of loudness (curse)
MPRegen  0.1/turn               (no ring)

@: regenerating
A: unfitting armour, tough skin 1
a: Berserk, Trog's Hand, Burn Spellbooks, Renounce Religion


You were on level 5 of the Dungeon.
You worshipped Trog.
Trog was most pleased with you.
You were not hungry.

You visited 1 branch of the dungeon, and saw 5 of its levels.

You collected 231 gold pieces.
You spent 150 gold pieces at shops.

Inventory:

Hand Weapons
 a - a +1 mace (weapon) {Jews}
Armour
 t - a +1 robe of positive energy (worn)
Jewellery
 j - a cursed ring of loudness (left hand)
 q - an amulet of harm (around neck)
Scrolls
 f - 2 scrolls of teleportation
 m - a scroll of identify
Potions
 e - a potion of cancellation
 g - a potion of brilliance
 k - a potion of curing
 l - a potion of flight
 n - a potion of might
 o - a potion of magic {unknown}
 p - a potion of lignification {unknown}
 r - a potion of invisibility {unknown}
 s - a potion of agility {unknown}
Comestibles
 c - 3 fruits
 d - a bread ration
 h - 4 royal jellies
 i - 2 meat rations


   Skills:
 + Level 5.3 Fighting
 + Level 4.8 Maces & Flails
 * Level 0.2 Throwing
 * Level 4.9 Dodging
 * Level 1.7 Stealth


You had 6 spell levels left.
You didn't know any spells.

Dungeon Overview and Level Annotations

Branches:
Dungeon (5/15)             Temple (0/1) D:4

Altars:

Shops:
D:4 *

Annotations:
D:4 Pikel
D:5 Prince Ribbit


Innate Abilities, Weirdness & Mutations

You are too large for most types of armour.
You have tough skin. (AC +1)


Message History

Items here: )) [ † a dagger; a robe; a dagger; an orc corpse You closely miss Prince Ribbit.
Prince Ribbit is heavily wounded.
Prince Ribbit misses you. Prince Ribbit hits you.
You completely miss Prince Ribbit.
Prince Ribbit is heavily wounded.
Prince Ribbit hits you. Prince Ribbit hits you!
* * * LOW HITPOINT WARNING * * *
You miss Prince Ribbit.
Prince Ribbit is heavily wounded.
Prince Ribbit barely misses you.
The orc priest calls down the wrath of Beogh upon you.
Beogh smites you!
* * * LOW HITPOINT WARNING * * *
Okay, then.
Your skin crawls.
You feel resistant to hostile enchantments.
You feel somewhat more hungry. Prince Ribbit hits you!
You die...

......##.# #.#..........#
......##.#####.#.##.###.#<#
...............#.## #.....#
.(.#####.####....# #.#.#.#
... #.#####'''### ...#.#.#
... #..##≈≈...§≈##).##.# #
.# ####§§#...#§≈##. #.#
#.#F#.#§§## #.# #§..#@..# ≈
#.# #.#.#.#(#§#
#§..#o§§#§..# #.#.#(#.#
#.#.# ...#...# #...#
#.#.#.# #.#.≈ .#.≈.# #.§§
.#.# #§


You could see Prince Ribbit and an orc priest.

Vanquished Creatures
  Sigmund (D:4)
  A phantom (D:4)
  An orc priest (D:5)
  An orc wizard (D:5)
  A worker ant (D:3)
  A howler monkey zombie (D:3)
  A river rat (D:3)
  5 adders
  3 oozes
  A worm (D:4)
  2 dart slugs
  7 leopard geckos
  A ball python (D:2)
  8 bats
  5 giant cockroaches
  3 goblins
  6 hobgoblins
  9 jackals (D:2)
  4 quokkas
  5 frilled lizards
  10 kobolds
  13 rats
89 creatures vanquished.

Notes
Turn   | Place    | Note
-------+----------+-------------------------------------------
     0 | D:1      | KoningWillie the Ogre Berserker began the quest for the Orb.
     0 | D:1      | Reached XP level 1. HP: 24/24 MP: 1/1
   139 | D:1      | Reached XP level 2. HP: 31/32 MP: 2/2
   610 | D:1      | Reached XP level 3. HP: 34/40 MP: 3/3
  1057 | D:2      | Reached ** piety under Trog
  1362 | D:2      | Reached XP level 4. HP: 47/49 MP: 4/4
  2099 | D:3      | Reached XP level 5. HP: 47/55 MP: 5/5
  2181 | D:3      | Found a faded altar of an unknown god.
  2609 | D:3      | Reached skill level 1 in Stealth
  2672 | D:3      | Reached *** piety under Trog
  3384 | D:4      | Noticed a phantom
  3410 | D:4      | Killed a phantom
  3410 | D:4      | Reached XP level 6. HP: 41/65 MP: 6/6
  3547 | D:4      | Found Hic Ysyokhle's Assorted Antiques.
  3555 | D:4      | Bought an embroidered robe for 118 gold pieces
  3555 | D:4      | Bought a scroll labeled EMAROFOO VONGA for 32 gold pieces
  4041 | D:4      | Found a staircase to the Ecumenical Temple.
  4143 | D:4      | Noticed Sigmund
  4163 | D:4      | Killed Sigmund
  4163 | D:4      | Reached skill level 5 in Fighting
  4163 | D:4      | Reached XP level 7. HP: 53/72 MP: 7/7
  4274 | D:4      | Noticed Pikel
  4299 | D:5      | Entered Level 5 of the Dungeon
  4372 | D:5      | Noticed Prince Ribbit
  4388 | D:5      | Mangled by Prince Ribbit

Skill      XL: |  1  2  3  4  5  6 |
---------------+-------------------+-----
Maces & Flails | 3 4 |  4.8
Dodging        | 3 4 |  4.9
Stealth        | 1 |  1.7
Fighting       | 5 |  5.3
Throwing       | |  0.2

Action                   |  1- 3 |  4- 6 |  7- 9 || total
-------------------------+-------+-------+-------++-------
Melee: Mace              |   116 |   161 |     6 ||   283
Throw: Javelin           |       |       |     4 ||     4
Invok: Trog's Hand       |       |       |     1 ||     1
  Use: Scroll            |     6 |     9 |       ||    15
       Potion            |       |     1 |       ||     1
  Eat: Bread ration      |     2 |       |       ||     2
       Meat ration       |       |     1 |       ||     1
Armor: Animal skin       |    52 |    60 |       ||   112
       Robe              |       |     9 |       ||     9
Dodge: Dodged            |    86 |   103 |     4 ||   193
